 Dungeon Crawl Stone Soup version 0.23.2-1-ga50397a6bc (webtiles) character file.

Game seed: 2580899234213156162

8733 Mrkan the Blocker (level 11, -8/76 HPs)
             Began as a Gargoyle Fighter on May 1, 2019.
             Was a Priest of the Shining One.
             Splashed by an acid dragon's acid (19 damage)
             ... on level 11 of the Dungeon on May 13, 2019.
             The game lasted 00:42:16 (10249 turns).

Mrkan the Blocker (Gargoyle Fighter)               Turns: 10249, Time: 00:42:16

Health: -8/76      AC: 18    Str: 20    XL:     11   Next: 35%
Magic:  11/11      EV:  8    Int: 12    God:    the Shining One [***...]
Gold:   324        SH: 13    Dex: 12    Spells: 10/10 levels left

rFire    . . .     SeeInvis .   S - +3 flail (freeze)
rCold    . . .     Gourm    .   c - +0 shield
rNeg     + + .     Faith    .   E - +0 chain mail
rPois    ∞         Spirit   .   (no helmet)
rElec    +         Reflect  .   v - +0 cloak {rPois}
rCorr    .         Harm     .   (no gloves)
MR       .....                  (no boots)
Stlth    ..........             (no amulet)
HPRegen  0.22/turn              g - +3 ring of intelligence
MPRegen  0.12/turn              (no ring)

@: glowing
A: negative energy resistance 1, electricity resistance, unbreathing,
petrification resistance, rot immunity, AC +8
a: Divine Shield, Renounce Religion


You were on level 11 of the Dungeon.
You worshipped the Shining One.
The Shining One was most pleased with you.
You were not hungry.

You visited 2 branches of the dungeon, and saw 12 of its levels.

You collected 554 gold pieces.
You spent 230 gold pieces at shops.

Inventory:

Hand Weapons
 a - a +0 flail
 r - a +2 flail of venom
 D - a +2 flail of holy wrath
 P - a +0 dire flail
 S - a +3 flail of freezing (weapon)
Missiles
 H - 5 tomahawks of returning (quivered)
Armour
 b - a +0 scale mail
 c - a +0 shield (worn)
 s - a +0 scale mail
 v - a +0 cloak of poison resistance (worn)
 y - +0 shadow dragon scales
 E - a +0 chain mail (worn)
 Q - a +0 chain mail
 U - a cursed +0 scale mail
Jewellery
 g - a +3 ring of intelligence (left hand)
 I - an uncursed ring of fire
 J - a cursed ring of protection from magic {unknown}
 L - an uncursed amulet of magic regeneration
 N - a +2 ring of dexterity {unknown}
 T - an uncursed amulet of faith {unknown}
Wands
 u - a wand of flame (50)
 B - a wand of polymorph (8)
 O - a wand of scattershot (7)
 V - a wand of acid (6)
Scrolls
 i - a scroll of enchant armour
 l - 7 scrolls of remove curse
 m - a scroll of blinking {unknown}
 n - 4 scrolls of enchant weapon {unknown}
 t - 7 scrolls of teleportation {unknown}
 x - 2 scrolls of magic mapping {unknown}
 z - a scroll of noise {unknown}
 A - 2 scrolls of immolation {unknown}
 F - a scroll of amnesia {unknown}
 G - a scroll of fog {unknown}
 K - a scroll of random uselessness {unknown}
 X - a scroll of fear {unknown}
Potions
 d - a potion of might
 e - 4 potions of mutation
 h - 3 potions of curing
 j - 3 potions of flight
 k - a potion of heal wounds
 o - a potion of lignification {unknown}
 p - 2 potions of berserk rage {unknown}
 q - 3 potions of agility {unknown}
 w - 3 potions of degeneration {unknown}
 C - a potion of brilliance {unknown}
 M - a potion of haste {unknown}
 R - a potion of ambrosia {unknown}
Comestibles
 f - 25 rations


   Skills:
 - Level 11.8 Fighting
 - Level 3.6 Maces & Flails
 - Level 3.2 Armour
 - Level 1.2 Dodging
 - Level 0.6 Stealth
 + Level 14.2 Shields
 * Level 0.1 Invocations


You had 10 spell levels left.
You didn't know any spells.
Your spell library contained the following spells:

 Spells                   Type           Power        Failure   Level  Hunger
 Animate Skeleton         Necr           N/A          98%         1    ##.....
 Apportation              Tloc           #.....       98%         1    ##.....
 Confusing Touch          Hex            #.....       98%         1    ##.....
 Summon Small Mammal      Summ           #...         98%         1    ##.....
 Poisonous Vapours        Pois/Air       #.....       99%         2    ###....
 Conjure Flame            Conj/Fire      #.......     100%        3    ####...
 Mephitic Cloud           Conj/Pois/Air  #.......     100%        3    ####...
 Freezing Cloud           Conj/Ice/Air   #.........   100%        6    #######
 Ring of Flames           Chrm/Fire      #.........   100%        7    #######


Dungeon Overview and Level Annotations

Branches:
Dungeon (11/15)            Temple (1/1) D:5            Lair (0/6) D:8
    Orc: D:9-12

Altars:
Ashenzari
Cheibriados
Dithmenos
Elyvilon
Fedhas
Gozag
Hepliaklqana
Kikubaaqudgha
Makhleb
Nemelex Xobeh
Okawaru
Qazlal
Ru
Sif Muna
Trog
Uskayaw
Vehumet
Wu Jian
Xom
Yredelemnul
Zin
The Shining One

Shops:
D:8 *


Innate Abilities, Weirdness & Mutations

You are resistant to torment.
Your stone body is resilient. (AC +8)
You are immune to poison.
You resist negative energy. (rN+)
You are resistant to electric shocks. (rElec)
You can survive without breathing.
You are immune to petrification.
You are immune to rotting.


Message History

The arrow hits you but does no damage.
The centaur shoots an arrow.
The arrow hits you but does no damage.
The centaur moves out of view.
You see here 4 arrows.
The centaur shoots an arrow.
You block the arrow.
You see here 3 arrows.
The centaur shoots an arrow.
You block the arrow.
You see here 3 arrows.
A centaur comes into view. It is wielding a +0 war axe.
The acid dragon spits acid at you. The splash of acid misses you.
The centaur shoots an arrow.
You block the arrow.
You see here 3 arrows.
The centaur shoots an arrow.
The arrow barely misses you.
You see here an arrow.
You are no longer corroded.
The acid dragon spits acid at you. The splash of acid hits you.
* * * LOW HITPOINT WARNING * * *
You are splashed with acid!!
You die...

#.......<#..#
#######.##..#
#(......# #....###.#
#....# #.# ## #...##
#.# .# #... #.# .# +
#...
#.############H##....
#...
#.....@..((Dc(u......
...
###############c.c...
...≈≈ ≈≈≈≈ ≈≈≈ .. .


You could see an acid dragon and a centaur.

Vanquished Creatures
  Harold (D:9)
  A two-headed ogre (D:9)
  Pikel (D:9)
  A komodo dragon (D:8)
  A tengu conjurer (D:10)
  A polar bear (D:8)
  3 hippogriffs
  4 yaks
  Edmund (D:5)
  2 water moccasins
  Duvessa (D:6)
  3 orc warriors
  2 sky beasts
  3 phantoms
  A black bear (D:9)
  7 ice beasts
  A wolf (D:8)
  2 necrophages
  2 ogres (D:7)
  4 centaurs
  3 big kobolds
  4 bullfrogs
  A gnoll sergeant (D:6)
  A scorpion (D:8)
  Dowan (D:6)
  4 wights (D:9)
  5 howler monkeys
  2 electric eels
  A jelly (D:8)
  2 crimson imps (D:5)
  6 hounds
  A bullfrog skeleton (D:10)
  A centaur skeleton (D:4)
  Crazy Yiuf (D:2)
  Terence (D:2)
  3 iguanas
  14 orc wizards
  6 worker ants
  2 hound zombies
  A mummy (D:6)
  A worker ant zombie (D:8)
  7 gnolls
  13 adders
  5 white imps (D:8)
  A worker ant simulacrum (D:8)
  An ooze (D:5)
  An adder skeleton (D:6)
  An adder zombie (D:9)
  A dart slug (D:4)
  3 leopard geckos
  34 orcs
  5 bats
  10 giant cockroaches
  12 goblins
  6 hobgoblins
  8 jackals
  25 kobolds
  4 quokkas
  A ball python (D:1)
  4 frilled lizards
  2 hobgoblin zombies (D:6)
  A quokka skeleton (D:6)
  6 rats
  A plant (D:8)
255 creatures vanquished.

Vanquished Creatures (others)
  2 plants
2 creatures vanquished.

Grand Total: 257 creatures vanquished

Notes
Turn   | Place    | Note
-------+----------+-------------------------------------------
     0 | D:1      | Mrkan the Gargoyle Fighter began the quest for the Orb.
     0 | D:1      | Reached XP level 1. HP: 14/14 MP: 1/1
   319 | D:1      | Reached XP level 2. HP: 19/19 MP: 2/2
   574 | D:1      | Reached skill level 4 in Shields
   620 | D:1      | Reached XP level 3. HP: 23/23 MP: 3/3
  1428 | D:2      | Noticed Terence
  1446 | D:2      | Killed Terence
  1446 | D:2      | Reached XP level 4. HP: 19/29 MP: 4/4
  1569 | D:2      | Found a deep blue altar of Sif Muna.
  1684 | D:2      | Found a runed translucent door.
  1685 | D:2      | Noticed Crazy Yiuf
  1690 | D:2      | Killed Crazy Yiuf
  2025 | D:3      | Reached XP level 5. HP: 33/33 MP: 5/5
  2030 | D:3      | Reached skill level 1 in Dodging
  2077 | D:3      | Found an ancient bone altar of Kikubaaqudgha.
  2603 | D:4      | Reached skill level 5 in Shields
  2603 | D:4      | Reached XP level 6. HP: 35/38 MP: 6/6
  2866 | D:4      | Found a hide-covered altar of Uskayaw.
  2989 | D:4      | Found a burning altar of Makhleb.
  2989 | D:4      | Noticed a cacodemon
  2992 | D:4      | Noticed a ynoxinul
  2992 | D:4      | Noticed a neqoxec
  3412 | D:5      | Entered Level 5 of the Dungeon
  3412 | D:5      | Noticed an ice beast
  3422 | D:5      | Killed an ice beast
  3522 | D:5      | Reached skill level 6 in Shields
  3623 | D:5      | Reached XP level 7. HP: 44/44 MP: 7/7
  3722 | D:5      | Reached skill level 5 in Fighting
  3815 | D:5      | Noticed Edmund
  3830 | D:5      | Killed Edmund
  3949 | D:5      | Found a staircase to the Ecumenical Temple.
  3958 | Temple   | Entered the Ecumenical Temple
  4130 | Temple   | Became a worshipper of the Shining One
  4286 | D:5      | Reached skill level 7 in Shields
  4292 | D:5      | You fall through a shaft!
  4317 | D:6      | Found an ornate altar of the Wu Jian Council.
  4728 | D:7      | Reached skill level 8 in Shields
  4728 | D:7      | Reached XP level 8. HP: 41/51 MP: 8/8
  4919 | D:6      | Noticed Dowan
  4959 | D:6      | Killed Dowan
  4959 | D:6      | Reached skill level 9 in Shields
  5076 | D:6      | Found a basalt altar of Yredelemnul.
  5099 | D:6      | Reached * piety under the Shining One
  5130 | D:6      | Noticed Duvessa
  5143 | D:6      | Killed Duvessa
  5780 | D:6      | Reached XP level 9. HP: 57/57 MP: 9/9
  5790 | D:6      | Reached skill level 10 in Shields
  6120 | D:6      | Found a hazy altar of Hepliaklqana.
  6120 | D:6      | Found an opulent altar of Gozag.
  6177 | D:6      | Found a sparkling altar of Nemelex Xobeh.
  6469 | D:7      | Reached skill level 11 in Shields
  6524 | D:7      | Found an iron altar of Okawaru.
  6831 | D:8      | Found a shattered altar of Ashenzari.
  6883 | D:8      | Reached ** piety under the Shining One
  7021 | D:8      | Reached XP level 10. HP: 66/66 MP: 10/10
  7088 | D:8      | Reached skill level 12 in Shields
  7265 | D:8      | Reached skill level 10 in Fighting
  7483 | D:8      | Found Sereih's Assorted Antiques.
  7497 | D:8      | Bought a scratched golden ring for 115 gold pieces
  7497 | D:8      | Bought a tiny malachite amulet for 115 gold pieces
  7693 | D:8      | Found a staircase to the Lair.
  7802 | D:8      | Reached skill level 13 in Shields
  8092 | D:9      | Noticed Harold
  8113 | D:9      | Killed Harold
  8170 | D:9      | Noticed a two-headed ogre
  8512 | D:9      | Killed a two-headed ogre
  8512 | D:9      | Reached XP level 11. HP: 46/74 MP: 11/11
  8556 | D:9      | Noticed Pikel
  8578 | D:9      | Killed Pikel
  8732 | D:9      | Reached *** piety under the Shining One
  8992 | D:10     | Entered Level 10 of the Dungeon
  9008 | D:10     | Reached skill level 14 in Shields
 10242 | D:11     | Noticed a purple ugly thing
 10249 | D:11     | Splashed by an acid dragon's acid

Skill      XL: |  1  2  3  4  5  6  7  8  9 10 11 |
---------------+----------------------------------+-----
Shields        | 4 5 6 8 9 11 13 14 | 14.2
Maces & Flails | 3 |  3.6
Fighting       | 4 6 7 9 11 | 11.8
Dodging        | 1 |  1.2
Armour         | |  3.2
Stealth        | |  0.6
Invocations    | |  0.1

Action                   |  1- 3 |  4- 6 |  7- 9 | 10-12 || total
-------------------------+-------+-------+-------+-------++-------
Melee: Flail             |   127 |   158 |   363 |   273 ||   921
Invok: Divine Shield     |       |       |       |     1 ||     1
  Use: Scroll            |       |       |     7 |     4 ||    11
       Potion            |       |       |       |     1 ||     1
  Eat: Chunk             |     2 |     4 |     7 |     4 ||    17
       Ration            |       |     1 |     1 |     3 ||     5
Armor: Scale mail        |    91 |    70 |     7 |       ||   168
       Chain mail        |       |       |   210 |   130 ||   340
Dodge: Dodged            |    37 |    55 |   105 |    87 ||   284
Block: Shield            |    64 |    73 |   252 |   182 ||   571
